[Event "11th LCC Super Blitz 2019"]
[Site "London"]
[Date "2019.12.08"]
[Round "5.12"]
[White "Brass, Ezra"]
[Black "Sandhu, Manvith"]
[Result "1-0"]
[ECO "B08"]
[WhiteElo "1628"]
[BlackElo "1673"]
[Annotator "NA"]
[PlyCount "37"]
[EventDate "2019.12.08"]
[EventType "swiss"]
[EventCountry "ENG"]
[SourceTitle "playchess.com"]
[Source "ChessBase"]
[SourceQuality "1"]
[TimeControl "180+2"]

1. e4 Nc6 2. Nf3 d6 3. d4 Nf6 4. Nc3 g6 5. Bc4 Bg7 6. O-O O-O 7. h3 a6 8. Be3 b5 9. Bd3 Bb7 10. d5 Nb8 11. a3 Nbd7 12. Qd2 Re8 13. Nd4 Nc5 14. b4 Ncd7 15. Nb3 Ne5 16. Na5 Bc8 17. f4 Nxd3 18. cxd3 Qd7 19. d4 1-0

[Event "11th LCC Super Blitz 2019"]
[Site "London"]
[Date "2019.12.08"]
[Round "5.13"]
[White "Fisher, Neal"]
[Black "Zhao, Haolin"]
[Result "0-1"]
[ECO "A47"]
[WhiteElo "1522"]
[BlackElo "1725"]
[Annotator "NA"]
[PlyCount "160"]
[EventDate "2019.12.08"]
[EventType "swiss"]
[EventCountry "ENG"]
[SourceTitle "playchess.com"]
[Source "ChessBase"]
[SourceQuality "1"]
[TimeControl "180+2"]

1. d4 Nf6 2. Bf4 e6 3. e3 c5 4. Nf3 b6 5. c3 Bb7 6. Nbd2 cxd4 7. exd4 Be7 8. Bd3 d6 9. Qc2 Nbd7 10. O-O-O Qc7 11. Kb1 O-O-O 12. Nc4 Nh5 13. Bg3 Nxg3 14. hxg3 h6 15. Na3 Kb8 16. Nb5 Qc6 17. a4 Nf6 18. Rhe1 Nd5 19. Be4 Qd7 20. c4 Nc7 21. Bxb7 Kxb7 22. d5 Nxb5 23. axb5 e5 24. Qa4 Ra8 25. Qa6+ Kb8 26. Re4 Qc8 27. Qxc8+ Kxc8 28. b4 f6 29. Rd2 Kb7 30. Ra2 Rhc8 31. Re3 a6 32. bxa6+ Rxa6 33. Rxa6 Kxa6 34. Ra3+ Kb7 35. Nd2 f5 36. f4 exf4 37. gxf4 g5 38. g3 gxf4 39. gxf4 Rg8 40. Rh3 Rg6 41. Kc2 Kc7 42. Nb3 Kd7 43. Nd4 Rg2+ 44. Kd3 Rg4 45. Nxf5 Rxf4 46. Nxe7 Kxe7 47. Rxh6 Rf3+ 48. Kd4 Rf1 49. c5 Rd1+ 50. Kc4 bxc5 51. bxc5 Rc1+ 52. Kd4 Rxc5 53. Rh7+ Kd8 54. Ra7 Rc7 55. Ra8+ Kd7 56. Rh8 Rc1 57. Rh7+ Kd8 58. Ke4 Re1+ 59. Kf5 Re5+ 60. Kf6 Rxd5 61. Ke6 Rd1 62. Rh8+ Kc7 63. Rh7+ Kc6 64. Ra7 Re1+ 65. Kf5 d5 66. Ra2 Kc5 67. Rc2+ Kd4 68. Rd2+ Kc4 69. Kf4 d4 70. Kf3 Re8 71. Ra2 Kb3 72. Rd2 Kc3 73. Rd1 d3 74. Kf2 d2 75. Kf1 Kc2 76. Ra1 d1=Q+ 77. Rxd1 Kxd1 78. Kf2 Re2+ 79. Kf3 Kd2 80. Kf4 Re3 {[%emt 0:00:01] Ke4} 0-1

[Event "11th LCC Super Blitz 2019"]
[Site "London"]
[Date "2019.12.08"]
[Round "5.13"]
[White "Thatte, Nandinee"]
[Black "Watson, Steven L"]
[Result "1-0"]
[ECO "A52"]
[WhiteElo "1270"]
[BlackElo "1634"]
[Annotator "NA"]
[PlyCount "74"]
[EventDate "2019.12.08"]
[EventType "swiss"]
[EventCountry "ENG"]
[SourceTitle "playchess.com"]
[Source "ChessBase"]
[SourceQuality "1"]
[TimeControl "180+2"]

1. d4 Nf6 2. c4 e5 3. dxe5 Ng4 4. Nf3 Bc5 5. e3 Nc6 6. Nc3 Ngxe5 7. Be2 O-O 8. b3 d6 9. Bb2 Bg4 10. O-O Bxf3 11. Bxf3 Qh4 12. Nd5 Bb6 13. h3 Kh8 14. a4 a5 15. Nxb6 cxb6 16. Bxc6 bxc6 17. Qxd6 Ng6 18. Qxc6 Rab8 19. Rfd1 Rfc8 20. Qf3 f6 21. Rd7 Re8 22. Rad1 Ne5 23. Bxe5 fxe5 24. Qg3 Qf6 25. R1d6 Qf8 26. Rd1 Rbd8 27. Rxd8 Rxd8 28. Rxd8 Qxd8 29. Qxe5 Qd1+ 30. Kh2 Qd8 31. Qb5 Qc7+ 32. g3 h6 33. Qd5 Kh7 34. e4 Qe7 35. e5 Qb4 36. Qf3 Qe7 37. Qe4+ Kh8 1-0

[Event "11th LCC Super Blitz 2019"]
[Site "London"]
[Date "2019.12.08"]
[Round "5.15"]
[White "Essis, Essoh Jean Mathieu C"]
[Black "Bergner, Matthias"]
[Result "0-1"]
[ECO "A80"]
[WhiteElo "1438"]
[BlackElo "1632"]
[Annotator "NA"]
[PlyCount "136"]
[EventDate "2019.12.08"]
[EventType "swiss"]
[EventCountry "ENG"]
[SourceTitle "playchess.com"]
[Source "ChessBase"]
[SourceQuality "1"]
[TimeControl "180+2"]

1. d4 d5 2. Nf3 e6 3. Bf4 f5 4. e3 Nf6 5. Bd3 Bd6 6. Bg5 Be7 7. c3 O-O 8. Nbd2 Nbd7 9. Bb5 c6 10. Bd3 Ne4 11. Bxe7 Qxe7 12. Bxe4 fxe4 13. Ng1 Qf6 14. Nh3 e5 15. O-O exd4 16. cxd4 Nb6 17. b3 Bxh3 18. gxh3 Qg5+ 19. Qg4 Qxg4+ 20. hxg4 Rf7 21. f4 g6 22. g5 Nc8 23. Rf2 Ne7 24. h4 Nf5 25. Re1 Nxh4 26. Rh2 Nf5 27. Kf2 b6 28. b4 a5 29. a3 axb4 30. axb4 Ra2 31. Re2 Rfa7 32. Nb3 Rxe2+ 33. Kxe2 Ra2+ 34. Nd2 Rb2 35. Kd1 Rxb4 36. Re2 c5 37. dxc5 bxc5 38. Kc2 Ra4 39. Kb3 Rb4+ 40. Ka3 Kf7 41. Nb3 Rc4 42. Nd2 Rc3+ 43. Ka4 Rxe3 44. Rxe3 Nxe3 45. Kb5 c4 46. Kc5 Ke6 47. Kd4 Ng2 48. Nf1 Nxf4 49. Ne3 Ne2+ 50. Kc5 Ng3 51. Ng4 Kf5 52. Nh6+ Kxg5 53. Nf7+ Kf6 54. Nd8 Ke5 55. Nf7+ Kf4 56. Nd6 e3 57. Nf7 e2 58. Kxd5 e1=Q 59. Kxc4 Qe6+ 60. Kd4 Qxf7 61. Kc5 Qd7 62. Kb6 Qc8 63. Kb5 Qc7 64. Ka6 Qb8 65. Ka5 Ke4 66. Ka6 Kd5 67. Ka5 Kc5 68. Ka4 Qb4# 0-1

[Event "11th LCC Super Blitz 2019"]
[Site "London"]
[Date "2019.12.08"]
[Round "6.1"]
[White "Howell, David Wl"]
[Black "Grover, Sahaj"]
[Result "1-0"]
[ECO "A13"]
[WhiteElo "2650"]
[BlackElo "2486"]
[Annotator "ChessBase"]
[PlyCount "75"]
[EventDate "2019.12.08"]
[EventType "swiss"]
[EventCountry "ENG"]
[SourceTitle "playchess.com"]
[Source "ChessBase"]
[SourceQuality "1"]
[TimeControl "180+2"]

1. Nf3 Nf6 2. c4 e6 3. g3 d5 4. Bg2 dxc4 5. Qa4+ Bd7 6. Qxc4 c5 7. Ne5 Qc8 8. Nc3 Nc6 9. Nxd7 Qxd7 10. O-O Be7 11. d3 Rc8 12. Bg5 b6 13. Qa4 O-O 14. Rfc1 Rfd8 15. Kf1 h6 16. Bd2 Nd5 17. Rab1 Bf6 18. Ne4 Be7 19. a3 a5 20. Be1 f5 21. Nd2 Bg5 22. Rd1 Rb8 23. Qc4 Be7 24. Rbc1 b5 25. Qa2 a4 26. b3 axb3 27. Nxb3 Qa7 28. Rd2 Bg5 29. Nxc5 Bxd2 30. Bxd2 Qf7 31. Rb1 b4 32. axb4 Ncxb4 33. Qc4 Nc6 34. Rxb8 Nxb8 35. h4 Nd7 36. Nxe6 N7b6 37. Nxd8 Nxc4 38. Nxf7 1-0

[Event "11th LCC Super Blitz 2019"]
[Site "London"]
[Date "2019.12.08"]
[Round "6.2"]
[White "Rowson, Jonathan"]
[Black "Bukojemski, Adam"]
[Result "0-1"]
[ECO "D80"]
[WhiteElo "2561"]
[BlackElo "2219"]
[Annotator "ChessBase"]
[PlyCount "72"]
[EventDate "2019.12.08"]
[EventType "swiss"]
[EventCountry "ENG"]
[SourceTitle "playchess.com"]
[Source "ChessBase"]
[SourceQuality "1"]
[TimeControl "180+2"]

1. d4 Nf6 2. c4 g6 3. Nc3 d5 4. e3 Bg7 5. Qb3 O-O 6. cxd5 c6 7. dxc6 Nxc6 8. Nf3 e5 9. dxe5 Ng4 10. Be2 Be6 11. Qxb7 Ngxe5 12. Nxe5 Nxe5 13. O-O Nd3 14. Rd1 Nc5 15. Rxd8 Nxb7 16. Rxa8 Rxa8 17. Bd2 Nc5 18. Rd1 a5 19. Be1 a4 20. a3 Rb8 21. Nb5 Bxb2 22. Bb4 Nb3 23. Bc3 Bc1 24. h4 h5 25. Bf6 Kf8 26. Nc7 Bxa3 27. Nxe6+ fxe6 28. Rd7 Nc5 29. Rh7 Rb1+ 30. Kh2 Ne4 31. Bd4 Bd6+ 32. f4 Nc5 33. Bc4 Rc1 34. Bb5 a3 35. Ra7 Nb3 36. Bf6 Bc5 0-1

[Event "11th LCC Super Blitz 2019"]
[Site "London"]
[Date "2019.12.08"]
[Round "6.2"]
[White "Pert, Nicholas"]
[Black "Klingher, Dominic"]
[Result "0-1"]
[ECO "A49"]
[WhiteElo "2560"]
[BlackElo "2071"]
[Annotator "ChessBase"]
[PlyCount "143"]
[EventDate "2019.12.08"]
[EventType "swiss"]
[EventCountry "ENG"]
[SourceTitle "playchess.com"]
[Source "ChessBase"]
[SourceQuality "1"]
[TimeControl "180+2"]

1. d4 Nf6 2. Nf3 d6 3. g3 g6 4. Bg2 Bg7 5. O-O O-O 6. Nc3 Nbd7 7. a4 c5 8. d5 a6 9. a5 Rb8 10. e4 b5 11. axb6 Nxb6 12. Re1 Ng4 13. h3 Ne5 14. Nxe5 Bxe5 15. Bh6 Re8 16. Qd3 e6 17. dxe6 Bxe6 18. b3 Qf6 19. Bd2 c4 20. bxc4 Nxc4 21. Re3 Nxe3 22. Qxe3 Bd4 23. Qf3 Qxf3 24. Bxf3 Bxh3 25. g4 Rb2 26. Rc1 Be5 27. Ne2 h5 28. gxh5 gxh5 29. Bxh5 Kh7 30. Ng3 Reb8 31. Kh2 Be6 32. f4 Bd4 33. f5 Bc4 34. Bf4 Rb1 35. Rxb1 Rxb1 36. Bxd6 Rc1 37. e5 Rxc2+ 38. Kh3 Bd5 39. Bg4 Bg2+ 40. Kh4 Bf2 41. e6 fxe6 42. fxe6 Rc3 43. e7 Re3 44. Kg5 Bxg3 45. Bf5+ Kg7 46. Bd7 Bxd6 47. e8=Q Rxe8 48. Bxe8 a5 49. Kf5 Bd5 50. Ba4 Kf7 51. Bc2 Ke7 52. Ba4 Kd8 53. Bb5 Kc7 54. Ba4 Kb6 55. Kf6 Kc5 56. Kf5 Kb4 57. Be8 a4 58. Bxa4 Kxa4 59. Kf6 Kb5 60. Kf5 Kc4 61. Kf6 Kd4 62. Kf5 Be5 63. Kg5 Ke4 64. Kg4 Be6+ 65. Kg5 Bf5 66. Kh5 Bf4 67. Kh4 Kf3 68. Kh5 Bd2 69. Kh4 Bf4 70. Kh5 Be3 71. Kh4 Bf4 72. Kh5 0-1

[Event "11th LCC Super Blitz 2019"]
[Site "London"]
[Date "2019.12.08"]
[Round "6.2"]
[White "Beinoras, Mindaugas"]
[Black "Roberson, Peter T"]
[Result "0-1"]
[ECO "A75"]
[WhiteElo "2401"]
[BlackElo "2282"]
[Annotator "NA"]
[PlyCount "70"]
[EventDate "2019.12.08"]
[EventType "swiss"]
[EventCountry "ENG"]
[SourceTitle "playchess.com"]
[Source "ChessBase"]
[SourceQuality "1"]
[TimeControl "180+2"]

1. d4 e6 2. c4 Nf6 3. Nf3 c5 4. d5 d6 5. Nc3 exd5 6. cxd5 g6 7. e4 a6 8. a4 Bg4 9. Be2 Bxf3 10. Bxf3 Bg7 11. O-O O-O 12. Bf4 Qe7 13. Qb3 Nbd7 14. Qxb7 Rfb8 15. Qc7 Ne8 16. Qa5 Rxb2 17. Rab1 Rb4 18. Na2 Rxb1 19. Rxb1 Ne5 20. Be2 c4 21. Nb4 Rb8 22. Rc1 Qb7 23. Bd2 Nf6 24. f3 Nfd7 25. f4 Qa7+ 26. Kf1 Nd3 27. Bxd3 cxd3 28. Nc6 Qd4 29. Nxd4 Bxd4 30. Qc7 Rb2 31. Rd1 Nc5 32. e5 Ne4 33. Qc8+ Kg7 34. Qc4 Nxd2+ 35. Rxd2 Rb1+ 0-1

[Event "11th LCC Super Blitz 2019"]
[Site "London"]
[Date "2019.12.08"]
[Round "6.3"]
[White "Aravindh, Chithambaram Vr"]
[Black "Stoyanov, Viktor"]
[Result "1-0"]
[ECO "D46"]
[WhiteElo "2560"]
[BlackElo "2191"]
[Annotator "ChessBase"]
[PlyCount "107"]
[EventDate "2019.12.08"]
[EventType "swiss"]
[EventCountry "ENG"]
[SourceTitle "playchess.com"]
[Source "ChessBase"]
[SourceQuality "1"]
[TimeControl "180+2"]

1. d4 Nf6 2. Nf3 e6 3. c4 d5 4. e3 c6 5. Nbd2 Be7 6. Bd3 O-O 7. O-O Nbd7 8. e4 dxe4 9. Nxe4 c5 10. dxc5 Nxc5 11. Nxf6+ Bxf6 12. Bc2 b6 13. Qe2 Bb7 14. Be3 Rc8 15. Rad1 Qe7 16. Bd4 Rfd8 17. Bxf6 Qxf6 18. Ne5 Qg5 19. f4 Qe7 20. Rxd8+ Rxd8 21. Rd1 Rxd1+ 22. Qxd1 f6 23. Ng4 Ne4 24. Qd4 Qc5 25. Qxc5 Nxc5 26. Kf2 Ne4+ 27. Bxe4 Bxe4 28. g3 Kf7 29. Ke3 Bc6 30. Kd4 Ke7 31. b4 Kd6 32. a3 Bb7 33. Nf2 e5+ 34. fxe5+ fxe5+ 35. Ke3 h6 36. h4 Ke6 37. g4 h5 38. gxh5 Kf5 39. Nd3 Kg4 40. Nxe5+ Kxh4 41. c5 bxc5 42. bxc5 Kxh5 43. c6 Bc8 44. Nf7 g5 45. Nd6 Be6 46. c7 a5 47. c8=Q Bxc8 48. Nxc8 Kg6 49. Nd6 Kf6 50. Nc4 a4 51. Nb2 Ke5 52. Nxa4 Kd5 53. Nc3+ Kc4 54. a4 1-0

[Event "11th LCC Super Blitz 2019"]
[Site "London"]
[Date "2019.12.08"]
[Round "6.3"]
[White "Tanmay Chopra"]
[Black "Maze, Sebastien"]
[Result "1-0"]
[ECO "E92"]
[WhiteElo "2100"]
[BlackElo "2549"]
[Annotator "ChessBase"]
[PlyCount "135"]
[EventDate "2019.12.08"]
[EventType "swiss"]
[EventCountry "ENG"]
[SourceTitle "playchess.com"]
[Source "ChessBase"]
[SourceQuality "1"]
[TimeControl "180+2"]

1. d4 Nf6 2. Nf3 g6 3. c4 Bg7 4. Nc3 d6 5. e4 O-O 6. Be2 Na6 7. Be3 e5 8. d5 Ng4 9. Bg5 f6 10. Bh4 c5 11. h3 Nh6 12. g4 Nf7 13. Qd2 Bh6 14. Qc2 Bf4 15. Bg3 Bd7 16. Rg1 Nc7 17. Bxf4 exf4 18. h4 Qe7 19. Qd2 g5 20. O-O-O a6 21. Bd3 Ne5 22. Nxe5 Qxe5 23. Ne2 b5 24. Qc3 bxc4 25. Qxe5 fxe5 26. Bxc4 h6 27. f3 Kg7 28. Rh1 Ne8 29. Nc3 Nf6 30. Rdg1 Rfb8 31. Kc2 Rb4 32. b3 a5 33. a3 Rbb8 34. a4 Rh8 35. Nb5 Bxb5 36. Bxb5 gxh4 37. Rxh4 Nh7 38. Rf1 Ng5 39. Rh5 Rab8 40. Kc3 Nh7 41. Rf2 Nf6 42. Rh4 Kg6 43. Rfh2 Kg5 44. R4h3 Rb7 45. Rh1 Rbh7 46. Bc6 Rb8 47. Bb5 Rhh8 48. Bc6 Rb4 49. Bb5 Rd4 50. Rg1 Kg6 51. g5 Nh7 52. Rxh6+ Kg7 53. Rgh1 Nxg5 54. Rxh8 Nxf3 55. R8h7+ Kg6 56. R7h6+ Kg5 57. Rxd6 Nd2 58. Rg1+ Kh5 59. Re6 Nxe4+ 60. Kb2 Rxd5 61. Bc6 Rd2+ 62. Kc1 Re2 63. Rxe5+ Kh4 64. Rxe4 Ra2 65. Ree1 f3 66. Bxf3 Ra3 67. Rg4+ Kh3 68. Rh1# 1-0

[Event "11th LCC Super Blitz 2019"]
[Site "London"]
[Date "2019.12.08"]
[Round "6.3"]
[White "Rishi, Thariani"]
[Black "Ratnesan, Ranesh"]
[Result "0-1"]
[ECO "B22"]
[WhiteElo "2008"]
[BlackElo "2213"]
[Annotator "NA"]
[PlyCount "84"]
[EventDate "2019.12.08"]
[EventType "swiss"]
[EventCountry "ENG"]
[SourceTitle "playchess.com"]
[Source "ChessBase"]
[SourceQuality "1"]
[TimeControl "180+2"]

1. e4 c5 2. c3 d5 3. exd5 Qxd5 4. d4 cxd4 5. cxd4 Nc6 6. Nf3 e5 7. Nc3 Bb4 8. Bd2 Bxc3 9. Bxc3 e4 10. Ne5 Nxe5 11. dxe5 Ne7 12. Be2 O-O 13. O-O Qe6 14. Qc2 Qg6 15. Rfe1 Nc6 16. Bf1 Bf5 17. Re3 Rac8 18. Qb3 b6 19. Rg3 Qh5 20. e6 Bg6 21. exf7+ Kh8 22. Bc4 Ne7 23. Bb4 Rc7 24. Bc3 Nf5 25. Rh3 Qg5 26. Be5 Re7 27. Qa3 Bxf7 28. Be2 Bg6 29. Rd1 Ref7 30. Bg3 e3 31. f4 Qf6 32. Bd3 Nxg3 33. hxg3 Bxd3 34. Qxd3 h6 35. Qxe3 Re7 36. Qf2 Rfe8 37. Kh2 Re2 38. Qf3 Rxb2 39. a3 Rc2 40. Rh5 Rc3 41. Qb7 Qg6 42. Rdd5 Qxg3+ 0-1

[Event "11th LCC Super Blitz 2019"]
[Site "London"]
[Date "2019.12.08"]
[Round "6.4"]
[White "Arkell, Keith C"]
[Black "Willow, Jonah B"]
[Result "1-0"]
[ECO "A36"]
[WhiteElo "2453"]
[BlackElo "2355"]
[Annotator "ChessBase"]
[PlyCount "75"]
[EventDate "2019.12.08"]
[EventType "swiss"]
[EventCountry "ENG"]
[SourceTitle "playchess.com"]
[Source "ChessBase"]
[SourceQuality "1"]
[TimeControl "180+2"]

1. Nf3 c5 2. c4 Nc6 3. Nc3 g6 4. g3 Bg7 5. Bg2 e6 6. e4 Nge7 7. O-O O-O 8. d3 d6 9. Re1 Nd4 10. Rb1 Nec6 11. Nxd4 Nxd4 12. Bd2 Rb8 13. b4 b6 14. bxc5 dxc5 15. Bf4 e5 16. Bd2 Bb7 17. Nd5 Bxd5 18. cxd5 b5 19. f4 Qb6 20. Kh1 Qa6 21. fxe5 Bxe5 22. Bf4 f6 23. Qd2 c4 24. dxc4 bxc4 25. Bxe5 fxe5 26. Rxb8 Rxb8 27. Qg5 Qd6 28. Rc1 Rc8 29. Bh3 Rc7 30. Rb1 Kg7 31. Rb8 h6 32. Qc1 c3 33. Be6 Nxe6 34. dxe6 c2 35. Kg2 Qd1 36. Qa3 Qd2+ 37. Kh3 Qf2 38. Qd6 1-0

[Event "11th LCC Super Blitz 2019"]
[Site "London"]
[Date "2019.12.08"]
[Round "6.4"]
[White "Marusenko, Petr"]
[Black "Wallace, John Paul"]
[Result "0-1"]
[ECO "E68"]
[WhiteElo "2085"]
[BlackElo "2344"]
[Annotator "NA"]
[PlyCount "62"]
[EventDate "2019.12.08"]
[EventType "swiss"]
[EventCountry "ENG"]
[SourceTitle "playchess.com"]
[Source "ChessBase"]
[SourceQuality "1"]
[TimeControl "180+2"]

1. d4 Nf6 2. c4 g6 3. Nc3 Bg7 4. g3 O-O 5. Bg2 d6 6. Nf3 Nbd7 7. O-O e5 8. h3 Re8 9. e4 exd4 10. Nxd4 Nc5 11. Re1 Bd7 12. b4 Ne6 13. Nxe6 Bxe6 14. Qb3 Nd7 15. Bb2 c6 16. Rad1 Qc7 17. Nd5 cxd5 18. cxd5 Bxh3 19. Bxh3 Ne5 20. Bg2 Rac8 21. Rc1 Qb6 22. Rxc8 Rxc8 23. Rd1 Rc4 24. a3 Qc7 25. f4 Ng4 26. Bxg7 Kxg7 27. Qb2+ f6 28. Qe2 h5 29. Rd2 Rc1+ 30. Bf1 Qb6+ 31. Kh1 Ne3 0-1

[Event "11th LCC Super Blitz 2019"]
[Site "London"]
[Date "2019.12.08"]
[Round "6.4"]
[White "Davis, Holden"]
[Black "Cox, John J"]
[Result "0-1"]
[ECO "C04"]
[WhiteElo "1769"]
[BlackElo "2346"]
[Annotator "NA"]
[PlyCount "98"]
[EventDate "2019.12.08"]
[EventType "swiss"]
[EventCountry "ENG"]
[SourceTitle "playchess.com"]
[Source "ChessBase"]
[SourceQuality "1"]
[TimeControl "180+2"]

1. e4 e6 2. d4 d5 3. Nd2 Nc6 4. Ngf3 Nf6 5. e5 Nd7 6. c3 f6 7. exf6 Qxf6 8. Be2 Bd6 9. Nf1 O-O 10. Ng3 Kh8 11. Bg5 Qf7 12. O-O e5 13. dxe5 Ndxe5 14. Nd4 Bd7 15. Qd2 Rae8 16. Rae1 Bc8 17. Bb5 a6 18. Ba4 Bd7 19. Bc2 g6 20. Bh6 Rg8 21. Be3 Nc4 22. Qc1 Nxe3 23. Rxe3 Bf4 24. Rf3 Rgf8 25. Qd1 Bg4 26. Nxc6 Bxf3 27. Qd4+ Qg7 28. Qxg7+ Kxg7 29. Nd4 Bg4 30. Bb3 c6 31. f3 Bd7 32. Nge2 Be3+ 33. Kh1 a5 34. a3 Re7 35. Ng3 Bxd4 36. cxd4 Rfe8 37. Kg1 Re1 38. Kf2 Rxf1+ 39. Nxf1 Kf6 40. Ne3 b6 41. Nc2 Bf5 42. Ne1 Re7 43. g4 Bd7 44. Nd3 Ke6 45. Nf4+ Kd6 46. h3 Be6 47. Nd3 c5 48. dxc5+ bxc5 49. Kg3 c4 0-1

[Event "11th LCC Super Blitz 2019"]
[Site "London"]
[Date "2019.12.08"]
[Round "6.5"]
[White "Petrov, Vladimir Sergeev"]
[Black "Joslin, Tim"]
[Result "1-0"]
[ECO "B01"]
[WhiteElo "2355"]
[BlackElo "1822"]
[Annotator "NA"]
[PlyCount "31"]
[EventDate "2019.12.08"]
[EventType "swiss"]
[EventCountry "ENG"]
[SourceTitle "playchess.com"]
[Source "ChessBase"]
[SourceQuality "1"]
[TimeControl "180+2"]

1. e4 d5 2. exd5 Nf6 3. d4 Bg4 4. Nf3 Qxd5 5. Be2 Nc6 6. Be3 O-O-O 7. Nbd2 e5 8. c4 Qa5 9. d5 e4 10. dxc6 exf3 11. cxb7+ Kb8 12. gxf3 Bh3 13. a3 Bc5 14. b4 Bxb4 15. axb4 Qxb4 16. Bxa7+ 1-0

[Event "11th LCC Super Blitz 2019"]
[Site "London"]
[Date "2019.12.08"]
[Round "6.5"]
[White "Eames, Robert S"]
[Black "Ozturan, Cem"]
[Result "1/2-1/2"]
[ECO "B01"]
[WhiteElo "2166"]
[BlackElo "1853"]
[Annotator "NA"]
[PlyCount "66"]
[EventDate "2019.12.08"]
[EventType "swiss"]
[EventCountry "ENG"]
[SourceTitle "playchess.com"]
[Source "ChessBase"]
[SourceQuality "1"]
[TimeControl "180+2"]

1. e4 d5 2. exd5 Qxd5 3. Nf3 Nc6 4. d4 Bg4 5. Be2 O-O-O 6. Be3 e5 7. c4 Qe4 8. Nc3 Bb4 9. d5 Bxf3 10. gxf3 Qf5 11. Qa4 Bxc3+ 12. bxc3 Nb8 13. Qxa7 c6 14. O-O Ne7 15. Bb6 Rd7 16. Rfd1 cxd5 17. cxd5 Nxd5 18. Bb5 Qg6+ 19. Kf1 Nxb6 20. Bxd7+ N6xd7 21. Rab1 Qa6+ 22. Qxa6 Nxa6 23. Rd6 Nac5 24. Rbd1 Kc7 25. R6d5 f6 26. R1d2 b6 27. Kg2 Ra8 28. Kg3 Ra4 29. Rc2 Rc4 30. Rd1 Ne6 31. Rdd2 Nec5 32. Rd1 Ne6 33. Rdd2 Nec5 1/2-1/2

[Event "11th LCC Super Blitz 2019"]
[Site "London"]
[Date "2019.12.08"]
[Round "6.5"]
[White "Royal, Shreyas"]
[Black "Gudenas, Motiejus"]
[Result "0-1"]
[ECO "A57"]
[WhiteElo "1941"]
[BlackElo "1993"]
[Annotator "NA"]
[PlyCount "76"]
[EventDate "2019.12.08"]
[EventType "swiss"]
[EventCountry "ENG"]
[SourceTitle "playchess.com"]
[Source "ChessBase"]
[SourceQuality "1"]
[TimeControl "180+2"]

1. d4 Nf6 2. c4 c5 3. d5 b5 4. Nf3 Bb7 5. cxb5 Nxd5 6. Nc3 Nxc3 7. bxc3 g6 8. e3 Bg7 9. Bb2 Qa5 10. Qb3 Bxf3 11. gxf3 O-O 12. Bg2 e6 13. O-O d5 14. c4 dxc4 15. Qc2 c3 16. Bc1 Nd7 17. f4 Rab8 18. Bc6 Nb6 19. a4 Nd5 20. Ba3 Nb4 21. Bxb4 cxb4 22. Rab1 Rfd8 23. Qb3 Bf8 24. e4 Rd2 25. f5 exf5 26. exf5 Qd8 27. fxg6 hxg6 28. Kh1 Qf6 29. f4 Qh4 30. Bg2 Re8 31. f5 g5 32. Rg1 Bc5 33. f6 Bd6 34. h3 Qg3 35. Qxf7+ Kxf7 36. Bd5+ Rxd5 37. Rxg3 Bxg3 38. Rg1 Bf4 0-1

[Event "11th LCC Super Blitz 2019"]
[Site "London"]
[Date "2019.12.08"]
[Round "6.6"]
[White "Nettleton, Charlie B"]
[Black "John, Joshua"]
[Result "0-1"]
[ECO "B24"]
[WhiteElo "2021"]
[BlackElo "1694"]
[Annotator "NA"]
[PlyCount "74"]
[EventDate "2019.12.08"]
[EventType "swiss"]
[EventCountry "ENG"]
[SourceTitle "playchess.com"]
[Source "ChessBase"]
[SourceQuality "1"]
[TimeControl "180+2"]

1. e4 c5 2. Nc3 Nc6 3. f4 e6 4. Nf3 Nge7 5. g3 a6 6. a4 g6 7. Bg2 Bg7 8. O-O O-O 9. d3 d5 10. e5 Rb8 11. Ne2 b5 12. axb5 axb5 13. Be3 d4 14. Bd2 Qb6 15. g4 Nd5 16. Qe1 c4 17. Qh4 c3 18. Bc1 Ncb4 19. f5 gxf5 20. Bh6 cxb2 21. Bxg7 Kxg7 22. Qg5+ Kh8 23. Qh6 Rg8 24. Ng5 Rxg5 25. Qxg5 bxa1=Q 26. Rxa1 Nxc2 27. Bxd5 exd5 28. Rf1 Ne3 29. gxf5 Bxf5 30. Rxf5 Rg8 31. Kf2 Rxg5 32. Rxg5 b4 33. Ng3 b3 34. Nh5 Qh6 35. h4 b2 36. Nf6 Qxg5 37. hxg5 b1=Q 0-1

[Event "11th LCC Super Blitz 2019"]
[Site "London"]
[Date "2019.12.08"]
[Round "6.6"]
[White "Saidmurodov, Shahjahon"]
[Black "Pappelis, Dimitrios"]
[Result "1-0"]
[ECO "D39"]
[WhiteElo "1812"]
[BlackElo "2160"]
[Annotator "NA"]
[PlyCount "119"]
[EventDate "2019.12.08"]
[EventType "swiss"]
[EventCountry "ENG"]
[SourceTitle "playchess.com"]
[Source "ChessBase"]
[SourceQuality "1"]
[TimeControl "180+2"]

1. d4 d5 2. c4 e6 3. Nc3 Bb4 4. Nf3 Nf6 5. Bg5 dxc4 6. e4 c5 7. Bxc4 cxd4 8. Nxd4 Bxc3+ 9. bxc3 Qa5 10. Bd2 O-O 11. O-O Nc6 12. Nxc6 bxc6 13. Bd3 Rd8 14. Qc2 Ba6 15. c4 Qa3 16. Bc3 e5 17. Rfd1 Qc5 18. Bd2 Ng4 19. Be1 Rab8 20. h3 Nf6 21. Bd2 Qe7 22. Be3 Rd7 23. Be2 Rbd8 24. Rxd7 Rxd7 25. Bf3 h6 26. Rc1 Qa3 27. Rd1 Rxd1+ 28. Bxd1 Qb4 29. Be2 Qe1+ 30. Bf1 Qa1 31. g3 h5 32. Kg2 h4 33. Be2 hxg3 34. fxg3 Qe1 35. Bf2 Qb4 36. Be3 Qa3 37. Bd3 Qa5 38. Be2 Qe1 39. Bf2 Qb4 40. Be3 c5 41. Bd3 Bb7 42. Bd2 Qb6 43. Be3 Qc6 44. Kf3 Qd7 45. Kg2 Qe6 46. Bxc5 Qc6 47. Be3 Nh5 48. Bxa7 Qg6 49. Bf2 Nf4+ 50. Kh2 Nxd3 51. Qxd3 Bxe4 52. Qd8+ Kh7 53. Qh4+ Kg8 54. Qd8+ Kh7 55. Qh4+ Kg8 56. c5 Bc6 57. Qd8+ Kh7 58. Qh4+ Kg8 59. Qd8+ Kh7 60. Qh4+ 1-0

[Event "11th LCC Super Blitz 2019"]
[Site "London"]
[Date "2019.12.08"]
[Round "6.7"]
[White "Van Hoof, Alexander"]
[Black "Young, Daniel J"]
[Result "0-1"]
[ECO "D43"]
[WhiteElo "1968"]
[BlackElo "1947"]
[Annotator "NA"]
[PlyCount "64"]
[EventDate "2019.12.08"]
[EventType "swiss"]
[EventCountry "ENG"]
[SourceTitle "playchess.com"]
[Source "ChessBase"]
[SourceQuality "1"]
[TimeControl "180+2"]

1. d4 d5 2. Nf3 Nf6 3. c4 c6 4. Nc3 e6 5. Bf4 dxc4 6. e4 Bb4 7. Qc2 b5 8. a3 Qa5 9. e5 Nd5 10. Bd2 Nxc3 11. Bxc3 Bxc3+ 12. bxc3 O-O 13. Be2 Nd7 14. Nd2 c5 15. O-O cxd4 16. cxd4 Bb7 17. a4 Qb6 18. Nf3 a6 19. Rfd1 Rac8 20. Ng5 g6 21. a5 Qd8 22. Ne4 Bxe4 23. Qxe4 Qc7 24. Ra3 Qc6 25. Qh4 c3 26. Rc1 b4 27. Rb3 Qa4 28. Bd1 Qa2 29. Rxb4 Qd2 30. Ra1 c2 31. Bxc2 Qxb4 32. Ra2 Qe1# 0-1

[Event "11th LCC Super Blitz 2019"]
[Site "London"]
[Date "2019.12.08"]
[Round "6.7"]
[White "Onslow, Teddy"]
[Black "Toh, Q Kane"]
[Result "0-1"]
[ECO "B07"]
[WhiteElo "1647"]
[BlackElo "1606"]
[Annotator "NA"]
[PlyCount "76"]
[EventDate "2019.12.08"]
[EventType "swiss"]
[EventCountry "ENG"]
[SourceTitle "playchess.com"]
[Source "ChessBase"]
[SourceQuality "1"]
[TimeControl "180+2"]

1. d4 Nf6 2. Bf4 g6 3. Nc3 Bg7 4. e4 d6 5. Qd2 O-O 6. O-O-O Nbd7 7. h4 h5 8. Be2 c5 9. d5 a6 10. a4 b5 11. axb5 axb5 12. Bxb5 Ra1+ 13. Nb1 Nxe4 14. Qe1 Nef6 15. Ne2 Qb6 16. Nec3 Ba6 17. Qe2 Rb8 18. Bxa6 Rxa6 19. b3 c4 20. Qxc4 Nc5 21. Kd2 Qa5 22. Qe2 Nfe4+ 23. Ke1 Nxc3 24. Nxc3 Qxc3+ 25. Bd2 Qe5 26. Qxe5 Bxe5 27. f3 Ra2 28. Rc1 Rc8 29. Bb4 Nd7 30. c4 Rxg2 31. Bd2 Rb8 32. Rb1 Nc5 33. b4 Nd3+ 34. Kd1 Nf2+ 35. Kc2 Nxh1 36. Rxh1 Bf4 37. Rd1 Bxd2 38. Rxd2 Rxd2+ 0-1